 Dungeon Crawl Stone Soup version 0.30.1-4-g462c640d31 (webtiles) character file.

Game seed: 6505848669284681793

32 HagarQim the Firebug (level 3, -4/19 HPs)
             Began as a Tengu Fire Elementalist on Aug 29, 2023.
             Slain by Crazy Yiuf
             ... wielding a +2 quarterstaff of chaos
              (5 damage)
             ... on level 2 of the Dungeon.
             The game lasted 00:03:57 (1049 turns).

HagarQim the Firebug (Tengu Fire Elementalist)      Turns: 1049, Time: 00:03:58

Health: -4/19      AC:  2    Str:  8    XL:     3   Next: 25%
Magic:  8/8        EV: 12    Int: 17    God:
Gold:   69         SH:  0    Dex: 14    Spells: 6/7 levels left

rFire   . . .        l - +2 short sword (drain)
rCold   . . .        (no shield)
rNeg    . . .        a - +0 robe
rPois   .            (helmet restricted)
rElec   .            (no cloak)
rCorr   .            (no gloves)
SInv    .            (boots unavailable)
Will    .....        (no amulet)
Stlth   ++           j - ring of wizardry
HPRegen 0.23/turn    (no ring)
MPRegen 0.11/turn

%: wizardry (x1)
@: no status effects
A: beak, talons 3
a: no special abilities


You were on level 2 of the Dungeon.
You visited 1 branch of the dungeon, and saw 2 of its levels.

You collected 69 gold pieces.

Inventory:

Hand Weapons
 l - a +2 short sword of draining (weapon)
Armour
 a - a +0 robe (worn)
 k - a +0 pair of boots
Jewellery
 j - a ring of wizardry (left hand)
Scrolls
 c - a scroll of teleportation {unknown}
 d - 4 scrolls of identify {unknown}
 f - a scroll of poison {unknown}
Potions
 b - a potion of magic
 e - 2 potions of attraction {unknown}
 g - a potion of berserk rage {unknown}
 h - a potion of lignification {unknown}
 i - a potion of heal wounds {unknown}


   Skills:
 + Level 2.2 Dodging
 + Level 2.0 Stealth
 + Level 2.7 Spellcasting
 + Level 1.3 Conjurations
 + Level 4.0 Fire Magic


You had 6 spell levels left.
You knew the following spells:

 Your Spells              Type           Power      Damage    Failure   Level
a - Foxfire               Conj/Fire      44%        2x1d6     2%          1

Your spell library contained the following spells:

 Spells                   Type           Power      Damage    Failure   Level
 Scorch                   Fire           32%        2d6       2%          2
 Inner Flame              Hex/Fire       9%         N/A       10%         3
 Volatile Blastmotes      Fire/Tloc      18%        2d11      10%         3
 Flame Wave               Conj/Fire      11%        2d6       24%         4


Dungeon Overview and Level Annotations

Branches:
Dungeon (2/15)

Altars:

Annotations:
D:2 Crazy Yiuf


Innate Abilities, Weirdness & Mutations

You have a beak for a mouth.
You have claws for feet.


Message History

The worm is almost dead.
You hit the worm.
The worm is almost dead.
The worm bites you.
Casting: Foxfire (safe; 2% risk of failure)
Confirm with . or Enter, or press ? or * to list all spells.
You conjure some foxfire!
The foxfire hits the worm.
The worm is almost dead.
The foxfire hits the worm.
You kill the worm!
Things that are here:
a +2 short sword of draining; 5 stones; a kobold corpse
l - a +2 short sword of draining You sense an unholy aura.
l - a +2 short sword of draining (weapon)
You see here a worm corpse.
Things that are here:
5 stones; a kobold corpse HP restored.
Magic restored.
Found 4 javelins.
You see here 4 javelins.
Found an escape hatch in the floor.
Found a stone staircase leading down.
There is a stone staircase leading down here.
Found a hammer.
Found a runed translucent door.
Crazy Yiuf shouts!
You open the door. You closely miss Crazy Yiuf. You claw Crazy Yiuf.
You peck Crazy Yiuf, but do no damage.
Crazy Yiuf is moderately wounded.
Crazy Yiuf hits you with a +2 quarterstaff of chaos!
Ouch! That really hurt!
* * * LOW HITPOINT WARNING * * *
Crazy Yiuf burns you.
* * * LOW HITPOINT WARNING * * *
You hit Crazy Yiuf. You claw Crazy Yiuf, but do no damage. You peck Crazy Yiuf.
Crazy Yiuf is heavily wounded.
Crazy Yiuf hits you with a +2 quarterstaff of chaos.
You die...

.# .# .# .#
##### .#
#..)# .##
#...#
.>###### ...
.......# #g#
..####.#
♣♣@♣ ..# #.#
♣.♣♣ ..# #.#
♣♣.♣ ..# #.#
♣.♣♣
..####.#####
♣♣.♣♣
#..........#
♣...♣♣
######.#####
♣....♣ #.#
#....# #.#
####+..+#


You could see Crazy Yiuf.

Vanquished Creatures
  A worm (D:2)
  3 dart slugs (D:1)
  4 ball pythons (D:1)
  2 endoplasms (D:1)
  2 goblins (D:1)
  2 hobgoblins (D:1)
  2 bats (D:1)
  4 kobolds
  A rat (D:1)
21 creatures vanquished.

Vanquished Creatures (collateral kills)
  2 foxfires (D:1)
2 creatures vanquished.

Vanquished Creatures (others)
  54 foxfires
54 creatures vanquished.

Grand Total: 77 creatures vanquished

Notes
Turn   | Place    | Note
-------+----------+-------------------------------------------
     0 | D:1      | HagarQim the Tengu Fire Elementalist began the quest for
                  | the Orb.
     0 | D:1      | Reached XP level 1. HP: 10/10 MP: 4/4
   118 | D:1      | Reached XP level 2. HP: 15/15 MP: 0/6
   867 | D:1      | Reached XP level 3. HP: 19/19 MP: 4/8
   910 | D:1      | Reached skill level 4 in Fire Magic
  1043 | D:2      | Found a runed translucent door.
  1044 | D:2      | Noticed Crazy Yiuf
  1049 | D:2      | Slain by Crazy Yiuf

Illustrated notes

Levels and vault maps discovered:
D:1:      pf_arrival_petrified_forest, layout_rooms, hangedman_decor_push,
          serial_park_tiny_2
D:2:      layout_loops_ring, serial_undead, serial_undead_d, serial_undead_f,
          serial_undead_b, serial_undead_b, uniq_crazy_yiuf_cottage

Skill      XL: |  1  2  3 |
---------------+----------+-----
Fire Magic     | 4 |  4.0
Dodging        | |  2.2
Stealth        | |  2.0
Spellcasting   | |  2.7
Conjurations   | |  1.3

Action                     || total
---------------------------++-------
  Melee: Unarmed           ||     8
         Kick              ||     4
         Peck              ||     4
         Short sword       ||     2
   Cast: Foxfire           ||    37
  Dodge: Dodged            ||     5
